 Dungeon Crawl Stone Soup version 0.27-a0-448-gace5c5693b (webtiles) character file.

Game seed: 9784166696418645172

5695 Anon1729 the Cleaver (level 10, -3/90 HPs)
             Began as a Ghoul Fighter on Feb 28, 2021.
             Slain by a troll (9 damage)
             ... on level 9 of the Dungeon.
             The game lasted 00:14:21 (11146 turns).

Anon1729 the Cleaver (Ghoul Fighter)               Turns: 11146, Time: 00:14:22

Health: -3/90      AC: 13    Str: 23    XL:     10   Next: 76%
Magic:  9/9        EV:  5    Int: 10    God:
Gold:   436        SH: 10    Dex:  8    Spells: 9/9 levels left

rFire    . . .     SeeInvis .   a - +0 war axe
rCold    + . .     Faith    .   c - +0 kite shield
rNeg     + + +     Spirit   .   e - +0 plate armour
rPois    ∞         Reflect  .   (no helmet)
rElec    .         Harm     .   (no cloak)
rCorr    .         Rampage  .   (no gloves)
Will     .....                  (no boots)
Stlth    ..........             (no amulet)
HPRegen  0.00/turn              v - +6 ring of intelligence
MPRegen  0.11/turn              (no ring)

@: no status effects
A: claws 1, cold resistance 1, negative energy resistance 3, inhibited
regeneration, torment resistance, unbreathing
a: no special abilities


You were on level 9 of the Dungeon.
You visited 2 branches of the dungeon, and saw 10 of its levels.

You collected 436 gold pieces.

Inventory:

Hand Weapons
 a - a +0 war axe (weapon)
Armour
 b - a +0 scale mail
 c - a +0 kite shield (worn)
 e - a +0 plate armour (worn)
Jewellery
 u - a ring of fire
 v - a +6 ring of intelligence (left claw)
Wands
 j - a wand of digging (3)
 y - a wand of acid (5)
 z - a wand of paralysis (8)
Scrolls
 k - 3 scrolls of amnesia {unknown}
 l - 11 scrolls of identify {unknown}
 m - 5 scrolls of enchant armour {unknown}
 n - 3 scrolls of teleportation {unknown}
 s - 2 scrolls of magic mapping {unknown}
 t - a scroll of noise {unknown}
 x - 3 scrolls of blinking {unknown}
 A - a scroll of fog {unknown}
Potions
 d - a potion of might
 f - 3 potions of lignification {unknown}
 h - a potion of flight {unknown}
 i - 3 potions of heal wounds {unknown}
 o - a potion of magic {unknown}
 p - a potion of mutation {unknown}
 q - 2 potions of degeneration {unknown}
 r - a potion of brilliance {unknown}
 w - a potion of haste


   Skills:
 + Level 8.4 Fighting
 + Level 8.5 Axes
 + Level 8.1 Armour
 - Level 1.0 Dodging
 - Level 0.4 Stealth
 - Level 7.0 Shields


You had 9 spell levels left.
You didn't know any spells.
Your spell library contained the following spells:

 Spells                   Type           Power        Failure   Level
 Magic Dart               Conj           0%           100%        1
 Searing Ray              Conj           0%           100%        2
 Dazzling Flash           Conj/Hex       0%           100%        3
 Fulminant Prism          Conj/Hex       0%           100%        4
 Iskenderun's Mystic Bla  Conj/Tloc      0%           100%        4
 Beastly Appendage        Tmut           Unusable     N/A         1
 Wereblood                Tmut           Unusable     N/A         2
 Spider Form              Tmut/Pois      Unusable     N/A         3
 Ice Form                 Ice/Tmut       Unusable     N/A         4
 Blade Hands              Tmut           Unusable     N/A         5

Dungeon Overview and Level Annotations

Branches:
Dungeon (9/15)             Temple (1/1) D:4
   Lair: D:8-11         Orc: D:9-12

Altars:
Ashenzari
Cheibriados
Dithmenos
Elyvilon
Fedhas
Gozag
Hepliaklqana
Kikubaaqudgha
Nemelex Xobeh
Okawaru
Qazlal
Ru
Sif Muna
Uskayaw
Wu Jian
Xom
Yredelemnul
Zin
The Shining One


Innate Abilities, Weirdness & Mutations

You thrive by killing the living.
You are immune to poison.
You have sharp fingernails.
Your flesh is cold resistant. (rC+)
You are immune to negative energy. (rN+++)
You do not regenerate when monsters are visible.
You are immune to unholy pain and torment.
You can survive without breathing.


Message History

The kobold brigand hits you but does no damage.
Unknown command.
Unknown command.
Unknown command.
You feel better. The troll bites you!
* * * LOW HITPOINT WARNING * * *
You block the troll's attack. The troll claws you but does no damage.
The kobold hits you but does no damage. x2
The kobold brigand hits you with a +0 whip.
* * * LOW HITPOINT WARNING * * *
The kobold hits you but does no damage.
Unknown command.
You feel better. The troll bites you.
* * * LOW HITPOINT WARNING * * *
The troll claws you.
* * * LOW HITPOINT WARNING * * *
The troll barely misses you. You block the kobold's attack.
The kobold hits you but does no damage.
The kobold brigand hits you but does no damage.
You block the kobold's attack.
You closely miss the kobold. x2
You hit the kobold brigand but do no damage.
You barely miss the troll. You hit the kobold.
The kobold hits you but does no damage. The troll bites you.
* * * LOW HITPOINT WARNING * * *
The troll claws you but does no damage. The troll claws you.
* * * LOW HITPOINT WARNING * * *
You block the kobold's attack. You block the kobold brigand's attack.
You block the kobold's attack. The kobold hits you but does no damage.
The troll bites you.
* * * LOW HITPOINT WARNING * * *
The troll claws you but does no damage. The troll barely misses you.
The kobold hits you but does no damage.
Unknown command.
You feel better. You block the kobold brigand's attack.
The kobold hits you but does no damage. The kobold barely misses you.
The troll barely misses you. The troll claws you!
* * * LOW HITPOINT WARNING * * *
The troll claws you!
You die...

#####...#
#..#######
#...# # #...#
# #...# #
#...# # #...#
# #K..# #
#KK.# # #@KK#
# #.. #KT.# #
#..# #...# #.
# #..# #...#
#..#######
#..# #...#
#..KKK.K..
#..# #...#
#..KK.K..K
#..# #...#
#.########
#..#######...#
#.# #
#............#
#.# #


You could see a troll, a kobold brigand and 5 kobolds.

Vanquished Creatures
  A two-headed ogre (D:8)
  Pikel (D:7)
  Joseph (D:7)
  Grinder (D:5)
  Prince Ribbit (D:6)
  A wyvern (D:8)
  3 yaks
  Menkaure (D:5)
  Edmund (D:5)
  2 ice beasts
  3 orc warriors
  A sky beast (D:5)
  3 black bears
  2 kobold brigands
  7 bullfrogs
  A gnoll sergeant (D:5)
  A scorpion (D:9)
  A killer bee (D:7)
  5 wights
  An electric eel (D:6)
  10 hounds
  2 orc priests (D:7)
  A jelly (D:8)
  5 bullfrog skeletons
  3 iguanas
  6 orc wizards
  6 worker ants
  A hound skeleton (D:5)
  A worker ant zombie (D:8)
  10 gnolls
  8 adders
  2 shadow imps
  2 white imps
  An ooze (D:1)
  An adder skeleton (D:7)
  5 worms
  A dart slug (D:3)
  7 leopard geckos
  29 orcs
  7 giant cockroaches
  11 goblins
  10 hobgoblins
  18 jackals
  6 quokkas
  A ball python (D:8)
  9 bats
  2 frilled lizards (D:1)
  A jackal skeleton (D:4)
  17 kobolds
  2 quokka zombies (D:8)
  13 rats
236 creatures vanquished.

Vanquished Creatures (others)
  An orc wizard (D:7)
1 creature vanquished.

Grand Total: 237 creatures vanquished

Notes
Turn   | Place    | Note
-------+----------+-------------------------------------------
     0 | D:1      | Anon1729 the Ghoul Fighter began the quest for the Orb.
     0 | D:1      | Reached XP level 1. HP: 19/19 MP: 0/0
   248 | D:1      | Reached XP level 2. HP: 26/26 MP: 1/1
   442 | D:1      | Reached XP level 3. HP: 31/31 MP: 2/2
  1240 | D:2      | Reached XP level 4. HP: 32/40 MP: 3/3
  2055 | D:3      | Noticed a black bear
  2063 | D:3      | Killed a black bear
  2064 | D:3      | Reached XP level 5. HP: 39/46 MP: 4/4
  2975 | D:3      | Found an ornate altar of the Wu Jian Council.
  3069 | D:4      | Reached XP level 6. HP: 52/52 MP: 5/5
  3166 | D:4      | Found a glowing golden altar of the Shining One.
  3198 | D:4      | Noticed an ice beast
  3213 | D:4      | Killed an ice beast
  3397 | D:4      | Reached XP level 7. HP: 57/59 MP: 6/6
  3410 | D:4      | Found a sparkling altar of Nemelex Xobeh.
  3450 | D:4      | Found a staircase to the Ecumenical Temple.
  3497 | Temple   | Entered the Ecumenical Temple
  3969 | D:5      | Entered Level 5 of the Dungeon
  4162 | D:5      | Reached skill level 5 in Axes
  4535 | D:6      | Reached skill level 5 in Fighting
  4749 | D:6      | Reached XP level 8. HP: 35/68 MP: 7/7
  5198 | D:6      | Reached skill level 5 in Armour
  5285 | D:6      | Noticed Prince Ribbit
  5310 | D:6      | Found a broken altar of Ashenzari.
  5645 | D:7      | Noticed Pikel
  5646 | D:7      | Reached skill level 5 in Shields
  5671 | D:7      | Killed Pikel
  5734 | D:7      | Reached XP level 9. HP: 74/74 MP: 8/8
  6241 | D:7      | Reached skill level 1 in Dodging
  7280 | D:5      | Noticed Menkaure
  7284 | D:5      | Killed Menkaure
  7497 | D:5      | Found a glowing silver altar of Zin.
  7553 | D:5      | Noticed Edmund
  7567 | D:5      | Killed Edmund
  8119 | D:6      | Noticed Grinder
  8126 | D:6      | Paralysed by Grinder for 5 turns
  8141 | D:5      | Paralysed by Grinder for 5 turns
  8155 | D:5      | Paralysed by Grinder for 7 turns
  8167 | D:5      | Killed Grinder
  8692 | D:6      | Found an ancient bone altar of Kikubaaqudgha.
  8785 | D:6      | Reached XP level 10. HP: 72/86 MP: 9/9
  9405 | D:6      | Killed Prince Ribbit
  9579 | D:8      | Noticed Joseph
  9599 | D:7      | Killed Joseph
 10085 | D:8      | Noticed a two-headed ogre
 10092 | D:8      | Killed a two-headed ogre
 10494 | D:8      | Found a basalt altar of Yredelemnul.
 10539 | D:8      | Found a white marble altar of Elyvilon.
 10777 | D:9      | Noticed a two-headed ogre
 11146 | D:9      | Slain by a troll

Illustrated notes

Levels and vault maps discovered:
D:1:      lightli_arrival_farm, layout_basic, chequers_serial_rivers_micro_d
D:2:      layout_loops_corners
D:3:      layout_loops_ring, pdpol_wu_jian_five_deadly_venoms
D:4:      layout_cave_pools, lemuel_round_altar, nicolae_overflow_hidden_temple,
          minmay_temple_entry_arrows
D:5:      layout_basic, old_standard_altar, cheibrodos_sewer_entry_sluice,
          uniq_edmund, uniq_menkaure
D:6:      layout_cave_pools, marbit_many_paths, lemuel_crystal_altar,
          lightli_minifort, uniq_grinder, uniq_prince_ribbit1
D:7:      minmay_clustersquares, layout_rooms, uniq_pikel
D:8:      layout_rooms, nicolae_overflow_crystal_walls, kennysheep_crisscross,
          elyvilon_altar_5, uniq_joseph
D:9:      layout_long_grid, grunt_temple_overflow_lords_of_destruction,
          lightli_temple_of_fire
Temple:   minmay_temple_bridge_abc

Skill      XL: |  1  2  3  4  5  6  7  8  9 10 |
---------------+-------------------------------+-----
Axes           | 2 3 4 5 6 7 8 |  8.5
Shields        | 3 4 5 6 7 |  7.0
Armour         | 3 4 6 7 8 |  8.1
Fighting       | 4 5 7 8 |  8.4
Dodging        | 1 |  1.0
Stealth        | |  0.4

Action                   |  1- 3 |  4- 6 |  7- 9 | 10-12 || total
-------------------------+-------+-------+-------+-------++-------
Melee: War axe           |   131 |   198 |   584 |   169 ||  1082
  Use: Potion            |       |       |       |     6 ||     6
Armor: Plate armour      |   131 |   131 |   406 |   112 ||   780
Dodge: Dodged            |    27 |    37 |   117 |    57 ||   238
Block: Kite shield       |    72 |    99 |   330 |   128 ||   629

Table legend: (Time is in decaauts)
 A = Elapsed time spent in this place.
 B = Non-inter-level travel time spent in this place.
 C = Inter-level travel time spent in this place.
 D = Time resting spent in this place.
 E = Time spent auto-exploring this place.
 F = Levels seen in this place.
 G = Mean time per level.
                   A        B        C        D        E       F      G
               +--------+--------+--------+--------+--------+-----+--------+
         Total |  11658 |  11178 |    480 |   2741 |   5908 |  10 | 1165.8 |
       Dungeon |  11426 |  10968 |    458 |   2741 |   5711 |   9 | 1269.6 |
        Temple |    231 |    210 |     21 |      0 |    197 |   1 |  231.0 |
               +--------+--------+--------+--------+--------+-----+--------+

Top non-repeatable levels by time:
     D:7: 2724 daAuts
     D:6: 1931 daAuts
     D:5: 1513 daAuts
     D:3: 1314 daAuts
     D:2: 985 daAuts
     D:1: 960 daAuts
     D:8: 832 daAuts
     D:4: 708 daAuts
     D:9: 456 daAuts
  Temple: 231 daAuts
